 Dungeon Crawl Stone Soup version 0.29.1-12-g30fa7ad0bf (webtiles) character file.

Game seed: 17742760423362812663

2 thatblackman the Grave Robber (level 1, 0/10 HPs)
             Began as a Vampire Necromancer on Dec 29, 2022.
             Killed from afar by a dart slug (5 damage)
             ... with a slug dart
             ... on level 1 of the Dungeon.
             The game lasted 00:01:18 (100 turns).

thatblackman the Grave Robber (Vampire Necromancer)  Turns: 100, Time: 00:01:19

Health: 0/10       AC:  2    Str:  7    XL:     1   Next: 33%
Magic:  1/3        EV: 12    Int: 17    God:
Gold:   0          SH:  0    Dex: 14    Spells: 3/4 levels left

rFire   . . .      SeeInvis +   (no weapon)
rCold   + + .      Faith    .   (no shield)
rNeg    + + +      Spirit   .   a - +0 robe
rPois   ∞          Reflect  .   (no helmet)
rElec   .          Harm     .   (no cloak)
rCorr   .          Rampage  .   (no gloves)
Will    .....                   (no boots)
Stlth   ++++......              (no amulet)
HPRegen 0.00/turn               (no ring)
MPRegen 0.08/turn               (no ring)

@: bloodless, inhibited regen
A: bloodless, fangs 3, see invisible, vampiric 1
a: Revivify


You were on level 1 of the Dungeon.
You visited 1 branch of the dungeon, and saw 1 of its levels.

Inventory:

Armour
 a - a +0 robe (worn)
Scrolls
 c - a scroll of fog {unknown}
Potions
 b - a potion of magic


   Skills:
 + Level 2.2 Dodging
 + Level 3.0 Stealth
 + Level 2.0 Spellcasting
 + Level 4.5 Necromancy


You had 3 spell levels left.
You knew the following spells:

 Your Spells              Type           Power      Damage    Failure   Level
a - Necrotise             Necr           68%        1d7       3%          1

Your spell library contained the following spells:

 Spells                   Type           Power      Damage    Failure   Level
 Vampiric Draining        Necr           17%        2d7       9%          3
 Animate Dead             Necr           17%        N/A       30%         4
 Agony                    Necr           17%        N/A       63%         5


Dungeon Overview and Level Annotations

Branches:
Dungeon (1/15)

Altars:


Innate Abilities, Weirdness & Mutations

You do not regenerate when monsters are visible.
You are frail without blood (-20% HP).
You can heal yourself when you bite living creatures.
You are immune to poison.
You have razor-sharp teeth.
You have supernaturally acute eyesight. (SInv)
You are afflicted with vampirism.


Message History

Your bat skeleton hits the dart slug but does no damage.
Your bat skeleton hits the dart slug.
You begin bloodletting.
You continue bloodletting.
Your bat skeleton hits the dart slug.
Your bat skeleton hits the dart slug but does no damage. x2
The dart slug launches a dart at you. The slug dart hits your bat skeleton.
You continue bloodletting.
Your bat skeleton hits the dart slug but does no damage.
Your bat skeleton completely misses the dart slug.
Your bat skeleton hits the dart slug but does no damage.
The dart slug bites your bat skeleton.
You continue bloodletting.
Your bat skeleton hits the dart slug. x3
You continue bloodletting.
Your bat skeleton hits the dart slug.
Your bat skeleton hits the dart slug but does no damage.
The dart slug closely misses your bat skeleton.
Your bat skeleton hits the dart slug but does no damage.
Your magical contamination has completely faded away.
You continue bloodletting.
Your bat skeleton hits the dart slug.
Your bat skeleton hits the dart slug but does no damage.
The dart slug bites your bat skeleton.
You become bloodless.
Casting: Necrotise (safe; 3% risk of failure)
Confirm with . or Enter, or press ? or * to list all spells.
You don't have enough magic to cast this spell.
Your bat skeleton hits the dart slug but does no damage.
Your bat skeleton hits the dart slug.
Your bat skeleton hits the dart slug but does no damage.
The dart slug launches a dart at your bat skeleton.
The slug dart hits your bat skeleton.
Your bat skeleton is destroyed!
The dart slug launches a dart at you. The slug dart hits you.
The dart slug launches a dart at you. The slug dart hits you.
Ouch! That really hurt!
You die...

♣....'.. P #'####.. ..
#.#♣.♣♣♣#.<
♣?♣♣##.#♣♣..♣#.. ###
#.#.##.# ♣♣♣.#..
PP♣##...##.#####'###
.......##.#........
♣$....##.#........ ♣..
♣@.w..##.#........ .
.P♣♣.....##.#≈....^..
.....#........#≈.§...~.
...#...†#####.#≈.≈...~.
........# #.#≈.......
...♣.♣.♣.♣#♣##.#........
...............#........
..♣.......♣##.#........
...........###.####'''##


You could see a dart slug.

Vanquished Creatures
  2 bats (D:1)
2 creatures vanquished.

Vanquished Creatures (collateral kills)
  A bat (D:1)
1 creature vanquished.

Grand Total: 3 creatures vanquished

Notes
Turn   | Place    | Note
-------+----------+-------------------------------------------
     0 | D:1      | thatblackman the Vampire Necromancer began the quest for
                  | the Orb.
     0 | D:1      | Reached XP level 1. HP: 13/13 MP: 3/3
   100 | D:1      | Killed from afar by a dart slug

Illustrated notes

Levels and vault maps discovered:
D:1:      scummos_arrival_gate, layout_rooms,
          hellmonk_ecumenical_altar_watching_god, serial_forest,
          infiniplex_forest_corner_1, infiniplex_forest_lined_2,
          infiniplex_forest_corner_1, infiniplex_forest_clump_cross,
          infiniplex_forest_clump_C, infiniplex_forest_straight_1,
          infiniplex_forest_lined_room_3, infiniplex_forest_zigzag_1,
          minmay_split_cup_small

Action                   || total
-------------------------++-------
Melee: Unarmed           ||     1
 Cast: Necrotise         ||     4
 Abil: Exsanguinate      ||     1
Dodge: Dodged            ||     6
